 Dungeon Crawl Stone Soup version 0.27.1-34-g3ba077fa99 (webtiles) character file.

Game seed: 1147381923147372104

166 ticklebelly the Skirmisher (level 5, 0/47 HPs)
             Began as a Minotaur Berserker on Jan 3, 2022.
             Was a Believer of Trog.
             Slain by an orc (8 damage)
             ... on level 2 of the Dungeon.
             The game lasted 00:06:01 (2307 turns).

ticklebelly the Skirmisher (Minotaur Berserker)     Turns: 2307, Time: 00:06:02

Health: 0/47       AC:  9    Str: 23    XL:     5   Next: 22%
Magic:  4/4        EV:  9    Int:  4    God:    Trog [**....]
Gold:   36         SH:  0    Dex: 15    Spells: 4/4 levels left

rFire    . . .     SeeInvis .   a - +0 hand axe
rCold    + . .     Faith    .   (no shield)
rNeg     . . .     Spirit   .   g - +0 chain mail
rPois    .         Reflect  .   (helmet restricted)
rElec    .         Harm     .   (no cloak)
rCorr    .         Rampage  .   (no gloves)
Will     .....                  (no boots)
Stlth    ..........             (no amulet)
HPRegen  0.15/turn              e - +6 ring of dexterity
MPRegen  0.09/turn              l - ring of protection from cold

@: no status effects
A: horns 2, retaliatory headbutt
a: Renounce Religion, Berserk, Trog's Hand


You were on level 2 of the Dungeon.
You worshipped Trog.
Trog was pleased with you.
You visited 1 branch of the dungeon, and saw 3 of its levels.

You collected 36 gold pieces.

Inventory:

Hand Weapons
 a - a +0 hand axe (weapon)
Missiles
 b - 7 boomerangs (quivered)
Armour
 g - a +0 chain mail (worn)
Jewellery
 e - a +6 ring of dexterity (left hand)
 l - a ring of protection from cold (right hand)
Scrolls
 d - a scroll of enchant armour {unknown}
 i - a scroll of blinking {unknown}
 m - a scroll of identify {unknown}
Potions
 c - a potion of flight {unknown}
 f - a potion of degeneration {unknown}
 h - a potion of lignification {unknown}
 j - a potion of experience {unknown}
 k - a potion of haste {unknown}


   Skills:
 + Level 4.8 Fighting
 + Level 4.7 Axes
 + Level 3.9 Armour
 + Level 3.5 Dodging


You had 4 spell levels left.
You didn't know any spells.
Your spell library was empty.

Dungeon Overview and Level Annotations

Branches:
Dungeon (3/15)

Altars:
Wu Jian


Innate Abilities, Weirdness & Mutations

You have a pair of horns on your head.
You reflexively headbutt those who attack you in melee.


Message History

You hit the kobold.
The kobold is severely wounded.
You feel sick. The kobold hits you but does no damage.
You are more poisoned.
The kobold hits you with a +0 dagger of venom.
You are more poisoned.
You closely miss the kobold.
The kobold is severely wounded.
You feel very sick. The kobold hits you but does no damage.
You hit the kobold.
You kill the kobold!
Trog accepts your kill.
You feel very sick.
You start resting.
You feel very sick.
You feel sick. x2
A hobgoblin comes into view.
You feel sick.
The hobgoblin shouts!
You feel sick.
You feel sick.
You feel sick.
You feel sick. 2 orcs come into view.
You feel sick.
The orc shouts! x2
The orc moves out of view.
You feel sick.
You are no longer poisoned.
An orc comes into view. It is wielding a +0 dagger. x2
The orc shouts! x2
There is a stone staircase leading up here.
The orc hits you but does no damage. The orc hits you with a +0 dagger.
* * * LOW HITPOINT WARNING * * *
You climb upwards.
There is a stone staircase leading down here.
Your chain mail prevents you from hitting the orc.
The orc hits you with a +0 trident!
You die...

♣.....######......# ####....# ♣.
♣##.......##......####.......#♣♣P
♣ #.......##..................♣♣.
♣ #.......##.....#####...#....♣.♣
♣ #..................♣.♣.'....♣♣♣
♣##.......##...#.###.#.#.#.....♣♣
..............##.# #.♣.♣.#......♣
#.####'#.####.##.# #.#.#.#..÷....
..# #.#.# #...#@###.♣.♣.#.....÷.
######.#.# #...o.....#.#.#..#.##.
.....#.#.# #..##.#...♣.♣.#...#..#
####.#.#.# #.....#.###...#..#(##.
# #...#.###.#####.# ###.#..#.##)
♣ #####.....# #.# #.#...#.)#
♣♣############ #.# #.#..#.##.
PP♣.........# #.# #.#.......
PP♣.#######.######.# #.###.#.##


You could see an orc.

Vanquished Creatures
  Terence (D:2)
  Natasha (D:2)
  2 adders (D:2)
  3 gnolls (D:2)
  A worm (D:2)
  2 endoplasms
  2 giant cockroaches
  5 goblins
  2 hobgoblins
  14 jackals
  2 quokkas
  4 ball pythons
  8 bats
  A frilled lizard (D:2)
  9 kobolds
  8 rats
  A bush (D:2)
66 creatures vanquished.

Vanquished Creatures (others)
  16 plants
16 creatures vanquished.

Grand Total: 82 creatures vanquished

Notes
Turn   | Place    | Note
-------+----------+-------------------------------------------
     0 | D:1      | ticklebelly the Minotaur Berserker began the quest for the
                  | Orb.
     0 | D:1      | Reached XP level 1. HP: 19/19 MP: 0/0
   499 | D:1      | Reached XP level 2. HP: 27/27 MP: 1/1
   662 | D:1      | Found a faded altar of an unknown god.
  1061 | D:2      | Reached XP level 3. HP: 33/33 MP: 2/2
  1197 | D:2      | Found an ornate altar of the Wu Jian Council.
  1220 | D:2      | Reached ** piety under Trog
  1229 | D:2      | Reached XP level 4. HP: 21/41 MP: 3/3
  1242 | D:2      | Noticed Terence
  1253 | D:2      | Killed Terence
  1641 | D:2      | Noticed Natasha
  1648 | D:2      | Killed Natasha
  1649 | D:2      | Reached XP level 5. HP: 34/47 MP: 4/4
  2307 | D:2      | Slain by an orc

Illustrated notes

Levels and vault maps discovered:
D:1:      roderic_crop_circles_arrival_small, layout_basic,
          shapermc_ecumenical_altar_totnotflames
D:2:      layout_basic, basic_altar, serial_forest, infiniplex_forest_lined_2,
          infiniplex_forest_end_2, infiniplex_forest_straight_3,
          infiniplex_forest_end_2, infiniplex_forest_corner_2,
          infiniplex_forest_straight_1, infiniplex_forest_corner_1,
          infiniplex_forest_lined_2, infiniplex_forest_zigzag_1,
          minmay_small_reverse_x, uniq_terence, uniq_natasha
D:3:      layout_rooms, overflow_temple_1_default, due_unseen_surprise

Skill      XL: |  1  2  3 |
---------------+----------+-----
Axes           | 4 |  4.7
Fighting       | 4 |  4.8
Armour         | 3 |  3.9
Dodging        | 3 |  3.5

Action                   |  1- 3 |  4- 6 || total
-------------------------+-------+-------++-------
Melee: Hand axe          |    70 |   109 ||   179
       Headbutt          |    14 |    43 ||    57
Invok: Berserk           |     1 |       ||     1
       Trog's Hand       |     1 |       ||     1
Armor: Ring mail         |    21 |       ||    21
       Chain mail        |    17 |    28 ||    45
Dodge: Dodged            |    50 |    20 ||    70
